AoeStats
← Hans der Hauer

Highland

504064575Analyzed
3v3 RM · 1mo ago on Sep 3, 2026· 32m 38s· 6 players
Game mode
Random Map
Map size
Normal (6 player)
Population
200
Speed
Normal
Resources
Standard
Victory
Conquest
Starting age
Dark Age
Ending age
Imperial Age
RankedLock teamsTeams togetherTeam positionsShared explorationLock speedFull tech treeHidden civsTurbo modeCheats
Victory
Defeat
🇩🇪 Saracens · Germany
918
+12
🇩🇪 Georgians · Germany
817
+16
🇩🇪 Burgundians · Germany
797
+17
🇨🇱 Lithuanians · Chile
838
-16
🇨🇦 Britons · Canada
836
-16
🇨🇱 Franks · Chile
780
-13
Marshall
5:23 Loom
11:58 Feudal Age
12:40 Double-Bit Axe
13:19 Gold Mining
16:31 Fletching
17:40 Horse Collar
24:02 Castle Age
22:36 Padded Archer Armor
23:53 Stone Mining
25:06 Bow Saw
24:54 Bodkin Arrow
24:27 Crossbowman
25:20 Heavy Plow
26:15 Ballistics
Kitoow
8:25 Loom
11:19 Feudal Age
27:20 Forging
ISCO
11:25 Feudal Age
11:56 Double-Bit Axe
11:52 Horse Collar
16:41 Castle Age
16:38 Bloodlines
22:14 Husbandry
25:53 Bow Saw
28:07 Wheelbarrow
29:55 Elite Skirmisher
32:02 Scale Barding Armor
32:08 Forging
Hans der Hauer
7:31 Loom
8:22 Loom
11:15 Feudal Age
13:44 Horse Collar
14:43 Double-Bit Axe
17:30 Fletching
23:14 Padded Archer Armor
25:19 Castle Age
26:00 Crossbowman
26:46 Thumb Ring
26:38 Bodkin Arrow
26:59 Leather Archer Armor
BLAZE OF GLORY
6:30 Loom
11:20 Feudal Age
11:58 Horse Collar
12:06 Double-Bit Axe
16:16 Forging
21:43 Castle Age
20:25 Bloodlines
21:19 Wheelbarrow
21:33 Scale Barding Armor
22:56 Heavy Plow
23:07 Bow Saw
23:22 Husbandry
27:07 Iron Casting
31:14 Bloodlines
33:02 Hand Cart
32:32 Town Watch
Manolo
12:00 Feudal Age
13:02 Fishing Lines
13:20 Double-Bit Axe
15:00 Loom
15:28 Bow Saw
15:53 Horse Collar
17:29 Forging
17:42 Scale Barding Armor
22:10 Castle Age
21:17 Heavy Plow
21:39 Gold Mining
22:54 Husbandry
22:15 Cavalier
23:52 Iron Casting
23:37 Gillnets
25:06 Chain Barding Armor
25:41 Gold Shaft Mining
27:19 Two-Man Saw
32:16 Stone Mining
33:04 Wheelbarrow
Connection lost

Rejoining the realm…

Still unreachable

The connection could not be restored.

Session expired

The server has moved on; the page needs a fresh start.